[Event "Titled Tuesday Blitz June 21 Late 2022"]
[White "Wagner, Dinara"]
[Black "Al-Tarboush, Ward"]
[WhiteFideId "24157570"]
[BlackFideId "7601450"]
[WhiteElo "2216"]
[BlackElo "2249"]
[Result "1-0"]
[Round "10"]
[TimeControl "180+1"]
[Date "2022.06.21"]
[WhiteClock "0:01:39"]
[BlackClock "0:01:24"]

1. d4 b6 2. c4 Bb7 3. Nc3 Nf6 4. f3 d5 5. cxd5 Nxd5 6. e4 Nxc3 7. bxc3 e6 8. Bd3 Be7 9. Ne2 c5 10. O-O O-O 11. Be3 Qc7 12. Rc1 Nc6 13. e5 Rfd8 14. Bb1 Na5 15. Qd3 g6 16. Bh6 Qc8 17. Qe3 Ba6 18. Rfe1 Qd7 19. Rcd1 Rac8 20. Qf4 Qa4 21. Ng3 cxd4 22. cxd4 Qe8 23. Ne4 Kh8 24. Nf6 Qc6 25. Qh4 Rg8 26. Bf8 Rg7 27. Bxg7+ Kxg7 28. Qxh7+ Kf8 29. Qh8# 1-0


[Site "https://www.chess.com"]

[Event "Titled Tuesday Blitz June 21 Late 2022"]
[White "Winkels, Marcel"]
[Black "Sanchez Alarcon, Juan"]
[WhiteFideId "1003887"]
[BlackFideId "3401332"]
[WhiteElo "1900"]
[BlackElo "2164"]
[Result "0-1"]
[Round "10"]
[TimeControl "180+1"]
[Date "2022.06.22"]
[WhiteClock "0:00:48"]
[BlackClock "0:01:20"]

1. e4 c5 2. Nc3 Nc6 3. f4 e6 4. Nf3 d5 5. d3 Nf6 6. Be2 Be7 7. O-O dxe4 8. dxe4 Qxd1 9. Rxd1 O-O 10. e5 Nd7 11. a4 b6 12. Nb5 Rd8 13. Be3 Bb7 14. Nd6 Bxd6 15. Rxd6 Nf8 16. Rad1 Rxd6 17. Rxd6 Rd8 18. Rxd8 Nxd8 19. c3 Ng6 20. g3 Ne7 21. Nd2 Bd5 22. Nc4 Bxc4 23. Bxc4 Ndc6 24. Bb5 Kf8 25. Kf2 Ke8 26. Ke2 Kd8 27. Kd3 Kc7 28. Bd2 Nd5 29. Bxc6 Kxc6 30. b4 a6 31. bxc5 Kxc5 32. Bc1 b5 33. Ba3+ Kc6 34. axb5+ axb5 35. Bf8 g6 36. Ba3 Nb6 37. Kd4 Nc4 38. Bb4 Nd2 39. Ke3 Nc4+ 40. Ke4 Nd2+ 41. Kd3 Nf1 42. g4 Nxh2 43. g5 Nf3 44. Ke4 Nh4 45. Ba5 Nf5 46. Bb4 h5 47. gxh6 Nxh6 48. Ba3 Nf5 49. Bc1 Kc5 50. Kd3 Kd5 51. Bd2 Ng3 52. Bc1 Ne4 53. Ba3 Nf2+ 54. Ke3 Ne4 55. Kd3 Nc5+ 56. Kd2 Kc4 57. Bb4 Ne4+ 58. Kc2 Nf2 59. Kd2 Nd3 60. Ke3 Nxb4 61. cxb4 Kxb4 62. Kd4 Ka3 63. Kc5 b4 64. Kd6 b3 65. Ke7 b2 66. Kxf7 b1=Q 67. Kxe6 Qf5+ 68. Kd6 Qxf4 69. Kd5 g5 70. e6 Qf8 71. Ke5 Qe7 72. Kf5 Kb4 0-1


[Site "https://www.chess.com"]

[Event "Titled Tuesday Blitz June 21 Late 2022"]
[White "Xiong, Jeffery"]
[Black "Tari, Aryan"]
[WhiteFideId "2047640"]
[BlackFideId "1510045"]
[WhiteElo "2714"]
[BlackElo "2567"]
[Result "0-1"]
[Round "10"]
[TimeControl "180+1"]
[Date "2022.06.21"]
[WhiteClock "0:00:09"]
[BlackClock "0:00:11"]

1. d4 d5 2. c4 e6 3. Nc3 c5 4. dxc5 d4 5. Na4 Nc6 6. e3 e5 7. Nf3 Nf6 8. exd4 e4 9. d5 exf3 10. dxc6 Qxd1+ 11. Kxd1 Bg4 12. Kc2 bxc6 13. gxf3 Bxf3 14. Rg1 O-O-O 15. Bf4 Ne4 16. Re1 g6 17. Bh3+ Kb7 18. Re3 Rd2+ 19. Kc1 Rxf2 20. Rb3+ Ka6 21. Be3 Re2 22. Rf1 Bh5 23. Ra3 Rxe3 24. Nc3+ Kb7 25. Rxf7+ Kb8 26. Raxa7 Nxc5 27. Bg2 Bh6 28. Kc2 g5 29. Bxc6 Bxf7 30. Rxf7 Rf8 31. Rxh7 Rf2+ 32. Kd1 Nd3 33. Rh8+ Ka7 34. Ra8+ Kb6 35. Nd5+ Kxc6 36. Nxe3 Nxb2+ 37. Ke1 Nd3+ 38. Kd1 g4 39. Ra6+ Kc5 40. Rxh6 Nb2+ 41. Ke1 Nd3+ 42. Kd1 Nb2+ 43. Kc1 Nd3+ 44. Kb1 Rb2+ 45. Ka1 Re2 46. Rh5+ Kd4 47. Nf5+ Kc3 0-1


[Site "https://www.chess.com"]

[Event "Titled Tuesday Blitz June 21 Late 2022"]
[White "Yoo, Christopher Woojin"]
[Black "Rustemov, Alexander"]
[WhiteFideId "30909694"]
[BlackFideId "4119002"]
[WhiteElo "2105"]
[BlackElo "2737"]
[Result "1/2-1/2"]
[Round "10"]
[TimeControl "180+1"]
[Date "2022.06.21"]
[WhiteClock "0:00:02"]
[BlackClock "0:00:16"]

1. d4 d5 2. c4 dxc4 3. Nf3 Nf6 4. Qa4+ c6 5. Qxc4 b5 6. Qc2 Bb7 7. e4 e6 8. e5 Nd5 9. Nc3 Be7 10. Nxd5 Qxd5 11. Bd3 Na6 12. a3 h6 13. O-O Qd7 14. Be3 Nc7 15. Nd2 Nd5 16. Ne4 a5 17. Qd2 b4 18. Rfc1 Ba6 19. Bxa6 Rxa6 20. axb4 Bxb4 21. Qd3 Ra7 22. Bd2 O-O 23. Bxb4 axb4 24. Nc5 Qc7 25. Rxa7 Qxa7 26. Qa6 Qe7 27. Ne4 Qh4 28. Qe2 Ra8 29. h3 Ne7 30. Rd1 Nf5 31. Kh2 Rd8 32. g3 Qe7 33. Qc4 Qa7 34. Nc5 Qb6 35. Nxe6 Rd5 36. Nc5 Nxd4 37. Rxd4 Qxc5 38. Qxc5 Rxc5 39. e6 fxe6 40. Rxb4 Rc2 41. Kg2 Kf7 42. Rb7+ Kf6 43. b4 c5 44. Rc7 c4 45. h4 c3 46. g4 Rb2 47. Rxc3 Rxb4 48. Kg3 g5 49. h5 Ra4 50. Rc7 Ra3+ 51. f3 e5 52. Rc6+ Kf7 53. Rxh6 e4 54. Rg6 Rxf3+ 55. Kg2 Rf4 56. Rxg5 Kf6 57. Rg8 Kf7 58. Rg5 Kf6 59. Rg6+ Kf7 60. Kg3 Rf3+ 61. Kg2 Rf4 62. Kg3 Rf3+ 63. Kg2 Rf4 1/2-1/2


[Site "https://www.chess.com"]

[Event "Titled Tuesday Blitz June 21 Late 2022"]
[White "Zhang, Alan"]
[Black "Araujo Filho, Luiz Antonio Coel"]
[WhiteFideId "30936870"]
[BlackFideId "2130661"]
[WhiteElo "2067"]
[BlackElo "2171"]
[Result "0-1"]
[Round "10"]
[TimeControl "180+1"]
[Date "2022.06.22"]
[WhiteClock "0:00:41"]
[BlackClock "0:01:48"]

1. e4 c6 2. d4 d5 3. Nc3 dxe4 4. Nxe4 Nf6 5. Nxf6+ exf6 6. g3 Bd6 7. Nf3 O-O 8. Bg2 Re8+ 9. Be3 Nd7 10. O-O Nf8 11. c3 Qc7 12. Re1 Bg4 13. Qc2 f5 14. Bd2 f4 15. c4 fxg3 16. fxg3 b6 17. c5 bxc5 18. dxc5 Be7 19. Nd4 Bd7 20. Bf4 Qa5 21. Nxc6 Bxc5+ 22. Kf1 Qb5+ 0-1


[Site "https://www.chess.com"]

[Event "Titled Tuesday Blitz June 21 Late 2022"]
[White "Zlatin, Alexander"]
[Black "Mickiewicz, Piotr"]
[WhiteFideId "2810549"]
[BlackFideId "1114891"]
[WhiteElo "2228"]
[BlackElo "2209"]
[Result "0-1"]
[Round "10"]
[TimeControl "180+1"]
[Date "2022.06.21"]
[WhiteClock "0:00:01"]
[BlackClock "0:00:11"]

1. d4 Nf6 2. Nc3 d5 3. Bf4 a6 4. e3 c5 5. dxc5 Nc6 6. Nf3 Bg4 7. Na4 e5 8. Bg5 e4 9. h3 Bd7 10. Nd2 Be6 11. Nb3 Be7 12. Be2 Nd7 13. Bxe7 Qxe7 14. O-O O-O 15. Qd2 f5 16. Rfd1 Nde5 17. Nd4 Rad8 18. Nxe6 Qxe6 19. Nb6 d4 20. exd4 Nxd4 21. Qxd4 Rxd4 22. Rxd4 Qc6 23. b4 f4 24. Rd6 Qe8 25. Nc4 f3 26. Nxe5 Qxe5 27. Bc4+ Kh8 28. Rad1 fxg2 29. Rd8 Qf6 30. Rxf8+ Qxf8 31. Be2 g6 32. Kxg2 Qe7 33. a4 Kg7 34. c4 Kh6 35. Bg4 Qf6 36. b5 Qc3 37. c6 bxc6 38. bxc6 Qxc4 39. Bd7 e3 40. Re1 Qe4+ 41. Kf1 Qd3+ 0-1


[Site "https://www.chess.com"]

[Event "Titled Tuesday Blitz June 21 Late 2022"]
[White "Al-Tarboush, Ward"]
[Black "Peatman, Carter"]
[WhiteFideId "7601450"]
[BlackFideId "2096480"]
[WhiteElo "2249"]
[BlackElo "2483"]
[Result "1-0"]
[Round "11"]
[TimeControl "180+1"]
[Date "2022.06.21"]
[WhiteClock "0:01:07"]
[BlackClock "0:00:04"]

1. e4 e5 2. Nf3 Nf6 3. Nxe5 d6 4. Nf3 Nxe4 5. d4 d5 6. Bd3 Nd6 7. O-O Be7 8. Re1 O-O 9. Nbd2 Bf5 10. Nf1 Nd7 11. Ng3 Bxd3 12. Qxd3 Re8 13. Bf4 Nf6 14. Re2 Bf8 15. Rae1 Rxe2 16. Rxe2 Qd7 17. Ne5 Qa4 18. a3 Re8 19. h4 c5 20. c3 cxd4 21. cxd4 Nfe4 22. f3 Nxg3 23. Bxg3 f6 24. Ng4 Rxe2 25. Qxe2 Qxd4+ 26. Bf2 Qc4 27. Qe6+ Nf7 28. h5 Qc1+ 29. Kh2 Qxb2 30. h6 f5 31. hxg7 Bxg7 32. Qxf5 Be5+ 33. Kh3 Bg7 34. Bh4 Qa1 35. Qc8+ Bf8 36. Nf6+ Kg7 37. Qg4+ Kh6 38. Ng8# 1-0


[Site "https://www.chess.com"]

[Event "Titled Tuesday Blitz June 21 Late 2022"]
[White "Andreikin, Dmitry"]
[Black "Le, Tuan Minh"]
[WhiteFideId "4158814"]
[BlackFideId "12401153"]
[WhiteElo "2736"]
[BlackElo "2530"]
[Result "0-1"]
[Round "11"]
[TimeControl "180+1"]
[Date "2022.06.21"]
[WhiteClock "0:00:03"]
[BlackClock "0:00:08"]

1. d4 Nf6 2. c4 c5 3. Nf3 cxd4 4. Nxd4 Nc6 5. Nc3 g6 6. e4 Bg7 7. Be3 O-O 8. Be2 d6 9. O-O Be6 10. Nxe6 fxe6 11. Qb3 Nd7 12. Rad1 b6 13. Bg4 Nc5 14. Qc2 e5 15. Nd5 Nd4 16. Bxd4 exd4 17. b4 d3 18. Qb1 Nxe4 19. Qxd3 Nf6 20. Be6+ Kh8 21. g3 a5 22. b5 Ra7 23. Rc1 a4 24. Qe3 Rb7 25. Rfe1 Nxd5 26. cxd5 Qa8 27. Rc6 Qa5 28. Rb1 Bf6 29. Qh6 Bg7 30. Qe3 Bf6 31. Kg2 Kg7 32. h4 h5 33. a3 Be5 34. Qd3 Bf6 35. Rbc1 Ra7 36. Qe3 Qxb5 37. Rxb6 Qa5 38. Rc2 Raa8 39. Rbc6 Rab8 40. Rc7 Rb3 41. Qe4 Rxa3 42. Bh3 Rf7 43. Bd7 Rf8 44. Bh3 Rb3 45. Rc8 Rb8 46. Rxf8 Rxf8 47. Rc4 a3 48. Ra4 Qc3 49. Ra7 Qb2 50. Qc4 Bd4 51. Rxe7+ Kh6 52. Re2 Rxf2+ 53. Rxf2 Qxf2+ 54. Kh1 Qg1# 0-1


[Site "https://www.chess.com"]

[Event "Titled Tuesday Blitz June 21 Late 2022"]
[White "Artemenko, Oleg"]
[Black "Gimenez Aguirre, Alejo Ismael"]
[WhiteFideId "14201798"]
[BlackFideId "32041667"]
[WhiteElo "2287"]
[BlackElo "2031"]
[Result "0-1"]
[Round "11"]
[TimeControl "180+1"]
[Date "2022.06.21"]
[WhiteClock "0:00:14"]
[BlackClock "0:00:40"]

1. e4 c5 2. Nf3 g6 3. d4 cxd4 4. Qxd4 Nf6 5. e5 Nc6 6. Qa4 Nd5 7. Qe4 Ndb4 8. g4 h5 9. Bc4 d5 10. exd6 Bxg4 11. Ng5 e6 12. Nxe6 Qxd6 13. Nc7+ Kd7 14. O-O Kxc7 15. Bf4 Bf5 16. Bxd6+ Bxd6 17. Qg2 Nxc2 18. Nc3 Nxa1 19. Nb5+ Kb6 20. Nxd6 Nc2 21. Qd5 N2d4 22. Qxf7 Rad8 23. Qxb7+ Kc5 24. Nf7 Be4 25. b4+ Kxc4 26. Ne5+ Kc3 27. Rc1+ Kd2 28. Rxc6 Nxc6 29. Qxa7 Nxa7 0-1


[Site "https://www.chess.com"]

[Event "Titled Tuesday Blitz June 21 Late 2022"]
[White "Avazkhonov, Alikhon"]
[Black "Flynn, Jacob"]
[WhiteFideId "14208504"]
[BlackFideId "2509393"]
[WhiteElo "1739"]
[BlackElo "1896"]
[Result "0-1"]
[Round "11"]
[TimeControl "180+1"]
[Date "2022.06.22"]
[WhiteClock "0:00:02"]
[BlackClock "0:00:10"]

1. d4 Nf6 2. c4 e6 3. Nc3 Bb4 4. e3 O-O 5. Bd2 c5 6. dxc5 Bxc5 7. Nf3 b6 8. Bd3 Bb7 9. O-O Be7 10. Qe2 d6 11. Rad1 Nbd7 12. e4 Rc8 13. b3 Rc7 14. Bb1 a6 15. Bf4 e5 16. Be3 b5 17. Nd5 Bxd5 18. cxd5 Qb8 19. Bc1 Rfc8 20. Bb2 Nf8 21. Nxe5 dxe5 22. d6 Bxd6 23. Rxd6 Ng6 24. Rxa6 Rd7 25. h4 Rcd8 26. Ra5 Rd2 27. Qxb5 Qxb5 28. Rxb5 Rxb2 29. a4 Kf8 30. a5 Ke7 31. b4 Rd4 32. Rb7+ Nd7 33. b5 Rdb4 34. b6 Rxb1 35. a6 Rxf1+ 36. Kxf1 Nf4 37. a7 Rb1# 0-1


[Site "https://www.chess.com"]

[Event "Titled Tuesday Blitz June 21 Late 2022"]
[White "Bachmann, Axel"]
[Black "Prydun, Andriy"]
[WhiteFideId "3700488"]
[BlackFideId "14145898"]
[WhiteElo "2587"]
[BlackElo "2063"]
[Result "1/2-1/2"]
[Round "11"]
[TimeControl "180+1"]
[Date "2022.06.22"]
[WhiteClock "0:00:23"]
[BlackClock "0:00:07"]

1. e4 d5 2. exd5 Qxd5 3. Nc3 Qd8 4. d4 Nf6 5. Nf3 c6 6. Bc4 Bf5 7. Ne5 e6 8. g4 Bg6 9. h4 Bb4 10. Bd2 Bxc3 11. Bxc3 Be4 12. f3 Bd5 13. Bd3 Nbd7 14. Qe2 Qc7 15. Bd2 b5 16. b3 Qb6 17. Nxd7 Nxd7 18. Be3 b4 19. O-O O-O 20. a3 a5 21. axb4 axb4 22. Kg2 Qb7 23. Be4 Nf6 24. Bg5 Nd7 25. Rxa8 Rxa8 26. h5 f6 27. Bf4 Qb5 28. Qxb5 cxb5 29. Bxd5 exd5 30. Re1 Kf7 31. Bd6 Re8 32. Rxe8 Kxe8 33. Bxb4 g6 34. Kg3 Kf7 35. hxg6+ hxg6 36. f4 Ke6 37. g5 f5 38. Kf3 Nb8 39. Ke3 Nc6 40. Bc3 Kd7 41. Kd3 Kd6 42. Bd2 Kc7 43. c4 bxc4+ 44. bxc4 Kd6 45. c5+ Kc7 46. Bc3 Kb7 47. Kc2 Ka6 48. Kb3 Kb5 49. Bb2 Na5+ 50. Kc3 Nc4 51. Bc1 Na5 52. Kd3 Nc6 53. Bd2 Ka4 54. Bc3 Kb3 55. Bd2 Ka4 56. Be1 Kb3 57. Bd2 Ka4 1/2-1/2


[Site "https://www.chess.com"]

[Event "Titled Tuesday Blitz June 21 Late 2022"]
[White "Bilych, Olexiy"]
[Black "Yoo, Christopher Woojin"]
[WhiteFideId "14156504"]
[BlackFideId "30909694"]
[WhiteElo "2189"]
[BlackElo "2105"]
[Result "0-1"]
[Round "11"]
[TimeControl "180+1"]
[Date "2022.06.21"]
[WhiteClock "0:00:06"]
[BlackClock "0:00:04"]

1. e4 c5 2. Nf3 e6 3. d4 cxd4 4. Nxd4 Nf6 5. Nc3 Qb6 6. e5 Bc5 7. Ndb5 a6 8. Qf3 axb5 9. exf6 gxf6 10. Ne4 Be7 11. Nxf6+ Kd8 12. c3 Nc6 13. Bg5 b4 14. Be2 bxc3 15. bxc3 Ra5 16. Be3 Qb2 17. O-O Rf5 18. Qg3 Bxf6 19. Bd3 Ra5 20. Rab1 Qxc3 21. Bb6+ Ke7 22. Rfc1 Qa3 23. Bxa5 Qxa5 24. h3 h5 25. Bb5 Nd4 26. Bf1 Nc6 27. a4 Qe5 28. Qd3 Qd4 29. Qb5 Be5 30. Rd1 Qf4 31. g3 Qf6 32. Qc5+ d6 33. Qe3 Bd4 34. Qd3 Rg8 35. Qe2 Rxg3+ 36. Kh1 Qxf2 37. Qxf2 Bxf2 38. Bg2 Bc5 39. Kh2 Rg5 40. Bxc6 bxc6 41. Rb8 Ba6 42. Rc8 Bxc8 43. a5 Ba6 44. Rc1 0-1


[Site "https://www.chess.com"]

[Event "Titled Tuesday Blitz June 21 Late 2022"]
[White "Capp, Stephen"]
[Black "Khan, Taffin"]
[WhiteFideId "2027089"]
[BlackFideId "19700024"]
[WhiteElo "2108"]
[BlackElo "1983"]
[Result "1-0"]
[Round "11"]
[TimeControl "180+1"]
[Date "2022.06.22"]
[WhiteClock "0:00:17"]
[BlackClock "0:00:02"]

1. e4 c5 2. Nc3 e6 3. f4 d5 4. Nf3 Nc6 5. Bb5 d4 6. Bxc6+ bxc6 7. Nb1 g6 8. d3 Bg7 9. a4 Ne7 10. O-O O-O 11. Na3 f5 12. b3 Ba6 13. e5 Nd5 14. Bd2 h6 15. Nc4 Bxc4 16. bxc4 Ne7 17. Qe1 Qd7 18. Bc1 a5 19. Ba3 Qa7 20. Rb1 Rfb8 21. Qg3 Kf7 22. h4 Rb4 23. h5 Rxa4 24. hxg6+ Nxg6 25. Rb3 Rb4 26. Bxb4 axb4 27. Nh4 Nxh4 28. Qxh4 Qe7 29. Qh5+ Kf8 30. Rbb1 Ra2 31. Ra1 Qa7 32. Qd1 Kf7 33. Qb1 Ra3 34. Qd1 Bf8 35. Qh5+ Ke7 36. Qd1 Kd7 37. Rb1 Ra2 38. Ra1 Qa4 39. Rxa2 Qxa2 40. Qb1 Qa4 41. Qb3 Qxb3 42. cxb3 Bg7 43. Ra1 Bf8 44. Ra7+ Kd8 45. Ra8+ Ke7 46. Rc8 Kf7 47. Rxc6 Be7 48. Rc7 Ke8 49. Kf2 Kd8 50. Rb7 Bh4+ 51. Kf3 Be7 52. Rb6 Kd7 53. g4 fxg4+ 54. Kxg4 1-0


[Site "https://www.chess.com"]

[Event "Titled Tuesday Blitz June 21 Late 2022"]
[White "De La Colina, Nicolas"]
[Black "Maltsevskaya, Aleksandra"]
[WhiteFideId "30946921"]
[BlackFideId "24174041"]
[WhiteElo "2046"]
[BlackElo "2243"]
[Result "0-1"]
[Round "11"]
[TimeControl "180+1"]
[Date "2022.06.21"]
[WhiteClock "0:00:14"]
[BlackClock "0:00:14"]

1. e4 c5 2. c3 e6 3. Nf3 d5 4. exd5 exd5 5. d4 Bd6 6. Bb5+ Nc6 7. O-O Ne7 8. dxc5 Bxc5 9. Nbd2 a6 10. Be2 O-O 11. Nb3 Bb6 12. Bf4 Ng6 13. Bg3 Be6 14. Nbd4 h6 15. Qd3 Qf6 16. Rfe1 Nf4 17. Qd2 Nxe2+ 18. Rxe2 Bg4 19. Re3 Nxd4 20. Nxd4 Rfe8 21. Rae1 Rxe3 22. Rxe3 Bd7 23. Be5 Qg5 24. Qe1 Re8 25. Nf3 Qf5 26. Bd4 Rxe3 27. Bxe3 Bxe3 28. fxe3 Qc2 29. Qa1 Qe2 30. Qc1 Bh3 31. Qd2 Qxd2 32. Nxd2 Bf5 33. Nf3 Kf8 34. Kf2 Ke7 35. Nd4 Bd7 36. g3 Kd6 37. Kf3 b5 38. a3 a5 39. e4 Ke5 40. exd5 Kxd5 41. Ne2 Kc4 42. Nc1 f5 43. Kf4 Kd5 44. Ke3 g5 45. Nd3 Be8 46. b3 Bf7 47. Nb2 Kc6 48. c4 bxc4 49. bxc4 Kc5 50. Kd3 f4 51. gxf4 gxf4 52. Kc3 Bg6 53. Nd1 f3 54. Nf2 a4 55. h3 Bf5 56. h4 h5 57. Nd1 Be6 58. Ne3 f2 59. Kd2 Bxc4 60. Kc3 f1=Q 61. Nxf1 Bxf1 62. Kd2 Kd4 63. Ke1 Bc4 64. Kf2 Kc3 65. Kg3 Kb3 66. Kf4 Kxa3 67. Kg5 Be2 68. Kf4 Kb2 69. Ke3 Bg4 70. Kf4 a3 71. Kg5 a2 72. Kf4 a1=Q 73. Kg3 Qa3+ 74. Kf4 Kc3 75. Kg5 Kd4 76. Kf4 Qe3# 0-1


[Site "https://www.chess.com"]

[Event "Titled Tuesday Blitz June 21 Late 2022"]
[White "Diaz Rosas, Julio Cesar"]
[Black "Carbone, Diego"]
[WhiteFideId "5105099"]
[BlackFideId "3002179"]
[WhiteElo "2278"]
[BlackElo "2199"]
[Result "1-0"]
[Round "11"]
[TimeControl "180+1"]
[Date "2022.06.21"]
[WhiteClock "0:00:07"]
[BlackClock "0:00:08"]

1. d4 Nf6 2. c4 g6 3. Nc3 d5 4. Nf3 Bg7 5. h4 dxc4 6. e4 c5 7. d5 b5 8. e5 Ng4 9. d6 Nc6 10. h5 Ncxe5 11. Nxb5 Rb8 12. Nc7+ Kf8 13. h6 Bf6 14. Nxe5 Bxe5 15. Bxc4 Qxd6 16. Qf3 Bf5 17. Nb5 Qd7 18. a4 a6 19. Nc3 Bd4 20. Be3 Rxb2 21. Bxd4 cxd4 22. O-O dxc3 23. Qxc3 f6 24. Qxb2 Qc7 25. g3 Qxc4 26. Rac1 Qxa4 27. Rfe1 Kf7 28. Rc7 Re8 29. Qb7 Ne5 30. Re3 Qd1+ 31. Kg2 Qh5 32. f4 Qh3+ 33. Kg1 Nd7 34. Qd5+ Kf8 35. Qd4 Rb8 36. Rc1 Qxh6 37. Qc3 Qh3 38. Qa3 Re8 39. Rce1 h5 40. Rxe7 Qxg3+ 41. Qxg3 Rxe7 42. Qa3 1-0


[Site "https://www.chess.com"]

[Event "Titled Tuesday Blitz June 21 Late 2022"]
[White "Do Valle Cardoso, Lucas"]
[Black "Silvestre, Christian"]
[WhiteFideId "2163144"]
[BlackFideId "30956269"]
[WhiteElo "2277"]
[BlackElo "2427"]
[Result "0-1"]
[Round "11"]
[TimeControl "180+1"]
[Date "2022.06.22"]
[WhiteClock "0:00:06"]
[BlackClock "0:00:56"]

1. d4 e5 2. dxe5 Nc6 3. Nf3 Qe7 4. g3 Nxe5 5. Nxe5 Qxe5 6. Bg2 Nf6 7. O-O Be7 8. Nc3 d6 9. Bf4 Qh5 10. e4 Bg4 11. Qd2 Bf3 12. Rfe1 Bxg2 13. Kxg2 O-O 14. h3 Rfe8 15. e5 dxe5 16. Rxe5 Qg6 17. Rg5 Ne4 18. Rxg6 Nxd2 19. Rxg7+ Kxg7 20. Bxd2 Rad8 21. Be3 Bf6 22. a4 a6 23. a5 Bd4 24. Bxd4+ Rxd4 25. Ra3 Rd2 26. Rb3 Rb8 27. Ne4 Rxc2 28. Nc3 c5 29. Nd5 c4 30. Rb6 Re8 31. Ne3 Rxe3 0-1


[Site "https://www.chess.com"]

[Event "Titled Tuesday Blitz June 21 Late 2022"]
[White "Dobre, Claudiu-Cristian"]
[Black "Konaplev, Anton"]
[WhiteFideId "1211854"]
[BlackFideId "24165646"]
[WhiteElo "2207"]
[BlackElo "2208"]
[Result "0-1"]
[Round "11"]
[TimeControl "180+1"]
[Date "2022.06.21"]
[WhiteClock "0:00:01"]
[BlackClock "0:00:24"]

1. c4 e6 2. Nf3 d5 3. b3 Nf6 4. Bb2 Be7 5. g3 c5 6. e3 Nc6 7. Bg2 O-O 8. O-O d4 9. exd4 cxd4 10. Re1 a5 11. Na3 Nd7 12. Nb5 e5 13. a3 f6 14. d3 Nc5 15. Qc2 Bf5 16. Rad1 h6 17. Re2 Qd7 18. Ne1 Kh8 19. Bc1 Rad8 20. f4 Bg4 21. Bf3 Bxf3 22. Nxf3 Qg4 23. Rf2 e4 24. dxe4 d3 25. Qb2 Nxe4 26. Be3 Nxf2 27. Kxf2 Ne5 28. fxe5 fxe5 29. Kg1 Qxf3 30. Qd2 Qe2 31. Nc3 Qxd2 32. Rxd2 Bxa3 33. Nd5 e4 34. Bd4 Kh7 35. Kg2 b5 36. Rd1 bxc4 37. bxc4 Rc8 38. Nb6 Rcd8 39. Nd5 Rf7 40. Re1 Re8 41. Bc3 a4 42. Ne3 Bc5 43. Bd2 Bd4 44. Rb1 a3 0-1


[Site "https://www.chess.com"]

[Event "Titled Tuesday Blitz June 21 Late 2022"]
[White "Estrada Nieto, Julian"]
[Black "Prieto Aranguren, Alain"]
[WhiteFideId "5101018"]
[BlackFideId "2268906"]
[WhiteElo "2252"]
[BlackElo "2224"]
[Result "1-0"]
[Round "11"]
[TimeControl "180+1"]
[Date "2022.06.22"]
[WhiteClock "0:00:42"]
[BlackClock "0:01:27"]

1. e4 c6 2. d4 d5 3. Nc3 a6 4. h3 Qa5 5. Bd2 Qb6 6. exd5 Qxb2 7. Nf3 Bf5 8. Rb1 Qxc2 9. Qxc2 Bxc2 10. Rxb7 Nf6 11. Bf4 Nfd7 12. Bc4 g6 13. Kd2 Bf5 14. g4 cxd5 15. Bxd5 Be6 16. Rxd7 Nxd7 17. Bxa8 Bg7 18. d5 Nb6 19. Bc6+ Bd7 20. Rb1 Bxc6 21. Rxb6 Bb5 22. Nxb5 axb5 23. Rb8+ Kd7 24. Rb7+ Kc8 25. Rxe7 1-0


[Site "https://www.chess.com"]

[Event "Titled Tuesday Blitz June 21 Late 2022"]
[White "Fiol, Fabrice"]
[Black "Souleidis, Georgios"]
[WhiteFideId "611670"]
[BlackFideId "4206827"]
[WhiteElo "2446"]
[BlackElo "2401"]
[Result "1/2-1/2"]
[Round "11"]
[TimeControl "180+1"]
[Date "2022.06.22"]
[WhiteClock "0:00:05"]
[BlackClock "0:00:04"]

1. e4 e5 2. Nf3 d6 3. Bc4 Nf6 4. Nc3 Be7 5. a3 O-O 6. d4 exd4 7. Nxd4 Re8 8. O-O Bf8 9. f3 Nbd7 10. Kh1 Ne5 11. Be2 c6 12. Be3 Ng6 13. Qd2 d5 14. exd5 Nxd5 15. Nxd5 Qxd5 16. Rae1 Bd7 17. c4 Qe5 18. Bg1 Rad8 19. f4 Qc7 20. f5 Ne5 21. Qg5 c5 22. Nf3 f6 23. Qh5 Bc6 24. Nxe5 Rxe5 25. Bf3 Rde8 26. Rxe5 Rxe5 27. Bxc6 Qxc6 28. h3 b6 29. Rd1 g6 30. Qh4 Rxf5 31. Rd8 Qc7 32. Re8 Qd7 33. Qe1 Kf7 34. Ra8 Re5 35. Qh4 Kg7 36. Bh2 Re8 37. Rxe8 Qxe8 38. Bg3 Qf7 39. Qg4 Kg8 40. Kh2 h5 41. Qe2 Kh7 42. b3 Bg7 43. a4 f5 44. Bd6 Qf6 45. Bf4 g5 46. Bb8 h4 47. Kh1 Qf7 48. Bd6 Qd7 49. Qh5+ Kg8 50. Bh2 Qf7 51. Qxg5 Qf6 52. Qc1 Kh7 53. Bf4 a5 54. Qd1 Kg6 55. Qe2 Qf7 56. Qf2 Bf6 57. Qf3 Qe7 58. Kh2 Be5 59. Qc6+ Kf7 60. Qh6 Bxf4+ 61. Qxf4 Kg6 62. Qf2 Qe5+ 63. Kh1 Qd4 64. Qf3 Qa1+ 65. Kh2 Qe5+ 66. Kg1 Qa1+ 67. Kh2 Qe5+ 68. Kh1 Qa1+ 69. Kh2 1/2-1/2


[Site "https://www.chess.com"]

[Event "Titled Tuesday Blitz June 21 Late 2022"]
[White "Fiorito, Fabian"]
[Black "Barria Zuniga, Daniel"]
[WhiteFideId "100200"]
[BlackFideId "3400816"]
[WhiteElo "2395"]
[BlackElo "2414"]
[Result "0-1"]
[Round "11"]
[TimeControl "180+1"]
[Date "2022.06.22"]
[WhiteClock "0:00:15"]
[BlackClock "0:00:08"]

1. e4 c5 2. d3 b6 3. g3 Bb7 4. Bg2 Nf6 5. f4 d6 6. Nf3 e6 7. O-O Be7 8. c3 O-O 9. Nbd2 Nbd7 10. Re1 Qc7 11. b3 b5 12. Bb2 Rac8 13. Rc1 Qb8 14. h3 Qa8 15. Qe2 e5 16. c4 bxc4 17. dxc4 Rfe8 18. f5 Nb8 19. g4 Nc6 20. Rcd1 Nd4 21. Bxd4 exd4 22. Qf2 Bf8 23. e5 dxe5 24. Nxe5 Bd6 25. Nd3 h6 26. Rxe8+ Rxe8 27. Re1 Rxe1+ 28. Nxe1 a5 29. Bxb7 Qxb7 30. Qf3 Qb4 31. Qd3 Bf4 32. Ndf3 a4 33. Nc2 Qa5 34. bxa4 Qxa4 35. Qb3 Qa8 36. Kg2 Qe4 37. Kf2 d3 38. Na3 Qe3+ 39. Kg2 Qe2+ 40. Kg1 Be3+ 41. Kh1 Qxf3+ 42. Kh2 Bf4+ 43. Kg1 Qe3+ 44. Kf1 Qe2+ 45. Kg1 d2 46. Nb1 d1=Q+ 47. Qxd1 Qxd1+ 48. Kf2 Qxb1 49. Kf3 Qxa2 50. g5 hxg5 51. h4 gxh4 52. Kxf4 Qxc4+ 53. Kg5 Qg4# 0-1


[Site "https://www.chess.com"]

[Event "Titled Tuesday Blitz June 21 Late 2022"]
[White "Fishbein, Alexander"]
[Black "Semenenko, Dmytry"]
[WhiteFideId "2000377"]
[BlackFideId "14118645"]
[WhiteElo "2442"]
[BlackElo "2113"]
[Result "1-0"]
[Round "11"]
[TimeControl "180+1"]
[Date "2022.06.21"]
[WhiteClock "0:01:37"]
[BlackClock "0:01:31"]

1. e4 Nf6 2. d3 d5 3. e5 Nfd7 4. f4 e6 5. Nf3 c5 6. g3 Nc6 7. Bg2 f6 8. exf6 Nxf6 9. O-O Bd6 10. Re1 O-O 11. Nc3 Re8 12. b3 e5 13. fxe5 Nxe5 14. Bb2 d4 15. Ne4 Nxe4 16. Rxe4 Ng4 17. Ng5 Ne3 18. Qh5 Bf5 19. Rxe3 Rxe3 20. Bd5+ Be6 21. Qxh7+ Kf8 22. Nxe6+ Rxe6 23. Bxe6 Ke7 24. Re1 Qf8 25. Qh4+ Qf6 26. Bc4+ Kd7 27. Qxf6 gxf6 28. Bc1 a6 29. a4 Rh8 30. Bf4 Be7 31. Be6+ Kc6 32. Bf5 Bd8 33. Re6+ Kd7 34. Rxf6+ Ke7 35. Re6+ Kf7 36. Re1 Bf6 37. Be6+ Kg6 38. Bd5 Rd8 39. Bxb7 Rd7 40. Bxa6 1-0


[Site "https://www.chess.com"]

[Event "Titled Tuesday Blitz June 21 Late 2022"]
[White "Golubev, Mikhail"]
[Black "Domingo Nunez, Alejandro"]
[WhiteFideId "14100983"]
[BlackFideId "22245561"]
[WhiteElo "2374"]
[BlackElo "2215"]
[Result "0-1"]
[Round "11"]
[TimeControl "180+1"]
[Date "2022.06.21"]
[WhiteClock "0:00:03"]
[BlackClock "0:00:19"]

1. e4 g6 2. d4 Bg7 3. c4 c6 4. Nc3 d6 5. f4 e5 6. Nf3 exd4 7. Nxd4 Nf6 8. Be2 O-O 9. Be3 Re8 10. Bf3 Nxe4 11. Bxe4 f5 12. O-O fxe4 13. f5 c5 14. Ne6 Bxe6 15. fxe6 Nc6 16. Qd5 Qe7 17. Nb5 Be5 18. Rf7 Qxe6 19. Raf1 Qxd5 20. cxd5 Nb4 21. Nc7 Rf8 22. R7f2 Rxf2 23. Rxf2 Rc8 24. Ne6 Nxd5 25. Bh6 Bd4 26. Nxd4 cxd4 27. g4 e3 0-1


[Site "https://www.chess.com"]